Cogmind - Beta 15 @@@ ROGUE MODE // 2025.05.29 @ 01:34:46 Player: celerysam Result: Destroyed by HK-P3I(R) with Subdweller Laser Performance ------------- Evolutions (0) 0 Regions Visited (2) 400 Robots Destroyed (19) 95 Value Destroyed (425) 425 Prototype IDs (0) 0 Alien Tech Used (0) 0 Bonus (0) 0 TOTAL SCORE: 920 Bonus ------- None Cogmind --------- Core Integrity 0/250 Matter 300/300 Energy 15/100 System Corruption 0% Temperature Cool (6) Movement Core (1450) Ox28 Location -10/Subcaves Parts ------- > --- POWER (1) -------- (None) > --- PROPULSION (2) --- (None) > --- UTILITY (2) ------ Huge Storage Unit Targeting Computer > --- WEAPON (2) ------- Particle Gun Beam Cannon > --- INVENTORY (25) --- Ion Engine Ion Engine Light Ion Engine Light Nuclear Core Light Treads Light Treads Wheel Wheel Wheel Wheel Improved Heat Sink Improved Heat Sink Structural Scanner Small Laser Assault Rifle Hammer Mining Claw Peak State ------------ > --- POWER ------------ Ion Engine > --- PROPULSION ------- Wheel Wheel > --- UTILITY ---------- Huge Storage Unit Targeting Computer > --- WEAPON ----------- Small Laser Assault Rifle > --- INVENTORY -------- Ion Engine Ion Engine Light Ion Engine Light Nuclear Core Light Treads Light Treads Wheel Wheel Wheel Wheel Wheel Improved Heat Sink Structural Scanner Small Laser Assault Rifle Hammer [Rating: 9] Favorites ----------- Power Ion Engine Engine Ion Engine Propulsion Wheel Leg Aluminum Leg Wheel Wheel Utility Targeting Computer Storage Huge Storage Unit Processor Targeting Computer Weapon Assault Rifle Energy Gun Small Laser Energy Cannon Beam Cannon Ballistic Gun Assault Rifle Launcher Grenade Launcher Impact Weapon Hammer Build | -11 -10 -10 ------- Run | Yrd Mat Sub Slots Evolved . | . . . Power . | . . . Propulsion . | . . . Utility . | . . . Weapon . | . . . Parts Attached 19 | 6 10 3 Power 2 | 1 1 . Engine 2 | 1 1 . Core . | . . . Reactor . | . . . Propulsion 5 | 2 2 1 Treads . | . . . Leg 2 | 2 . . Wheel 3 | . 2 1 Hover . | . . . Flight . | . . . Utility 4 | 1 3 . Device . | . . . Storage 3 | 1 2 . Processor 1 | . 1 . Hackware . | . . . Protection . | . . . Artifact . | . . . Weapon 8 | 2 4 2 Energy Gun 3 | 1 1 1 Energy Cannon 1 | . . 1 Ballistic Gun 2 | 1 1 . Ballistic Cannon . | . . . Launcher 1 | . 1 . Special Weapon . | . . . Impact Weapon 1 | . 1 . Slashing Weapon . | . . . Piercing Weapon . | . . . Special Melee Weapon . | . . . Unidentified Prototypes . | . . . Parts Lost 8 | . 3 5 Power 1 | . . 1 Propulsion 3 | . . 3 Utility . | . . . Weapon 4 | . 3 1 Highest Loss Streak 3 | . 1 3 To Critical Strikes . | . . . Average Backups 14 | 4 13 18 Power 2 | . 2 4 Propulsion 6 | 3 6 6 Utility 1 | . 1 3 Weapon 3 | . 2 4 Tool/Special . | . . . Unused Backups 15 | . 1 14 Power 4 | . 1 3 Propulsion 6 | . . 6 Utility 3 | . . 3 Weapon 2 | . . 2 Tool/Special . | . . . Average Slot Usage (%) 93 | . 93 93 Engine 13 | . 14 11 Leg 9 | . 11 . Wheel 18 | . 16 25 Storage 14 | . 14 14 Processor 9 | . 7 14 Energy Gun 11 | . 10 12 Ballistic Gun 9 | . 11 . Launcher 2 | . 2 . Impact Weapon 4 | . 2 10 Peak Build Rating 9 | 6 9 9 Average Rating 7 | 4 7 8 On Entrance 5 | . 6 9 Naked Turns . | . . . Heaviest Build 89 | 14 88 89 Greatest Support 20 | 20 20 20 Greatest Overweight (x) 8 | . 4 8 Average Overweight (x) 2 | . 2 4 Largest Inventory Capacity 25 | 8 25 25 Average Capacity 19 | 6 18 25 Most Carried 19 | 6 19 19 Average Carried 14 | 5 13 18 Final Capacity 25 | 8 25 25 Final Carried 19 | 6 19 17 Class Distribution -------------------- 100% | Mutant Dominant Class ---------------- Mutant | -10/Materials Mutant | -10/Subcaves Resources | -11 -10 -10 ----------- Run | Yrd Mat Sub Matter Collected 585 | 252 310 23 Remotely . | . . . Salvage Created 658 | . 550 108 Parts 42 | . 35 7 Haulers Intercepted 1 | . 1 . Recyclers Shooed 1 | . 1 . Parts Field Recycled . | . . . Retrieved Matter . | . . . Parts Self-Destructed 5 | . . 5 Prevented . | . . . Kills | -11 -10 -10 ------- Run | Yrd Mat Sub Combat Hostiles Destroyed 14 | . 12 2 Guns 8 | . 8 . Cannons 2 | . . 2 AOE 4 | . 4 . Classes Destroyed 6 | . 5 1 Worker 1 | . 1 . Hauler 1 | . 1 . Recycler 3 | . 3 . Swarmer 5 | . 5 . Grunt 7 | . 7 . Subdweller 2 | . . 2 Best Kill Streak 7 | . 7 1 Combat Bots Only 4 | . 4 1 Max Kills in Single Turn 2 | . 2 1 Gunslinging . | . . . Exploded 1 | . 1 . Melee . | . . . Uniques/NPCs Destroyed . | . . . Combat | -11 -10 -10 -------- Run | Yrd Mat Sub Hostile Shots Fired 110 | . 76 34 Missed 33 | . 22 11 Hits 77 | . 54 23 Projectile 77 | . 54 23 Damage Taken 1101 | . 589 512 Core 258 | . 74 184 Absorbed by Shields . | . . . Core Remaining (%) 100 | 100 . . Volleys Fired 73 | . 51 22 Largest 2 | . 2 2 Hottest 125 | . 60 125 Shots Fired 126 | . 94 32 Gun 95 | . 85 10 Cannon 22 | . . 22 Launcher 9 | . 9 . Special . | . . . Kinetic 46 | . 46 . Thermal 54 | . 22 32 Explosive 9 | . 9 . Electromagnetic 17 | . 17 . Robot Hit Streak 14 | . 11 14 Robot Miss Streak 11 | . 11 1 Penetration Max . | . . . Secondary Targets 2 | . 2 . Max Gunslinging Chain 1 | . 1 . Shots Hit Robots 75 | . 46 29 Core Hits 34 | . 28 6 Critical Kills . | . . . Critical Parts Destroyed . | . . . Critical Strikes . | . . . Melee Attacks 2 | . 2 . Impact 2 | . 2 . Slashing . | . . . Piercing . | . . . Sneak Attacks . | . . . Combat Hostiles . | . . . Follow-up Attacks . | . . . Damage Inflicted 1473 | . 1130 343 Guns 612 | . 551 61 Cannons 282 | . . 282 Explosions 579 | . 579 . Melee . | . . . Ramming . | . . . Kinetic 342 | . 342 . Thermal 506 | . 163 343 Explosive 579 | . 579 . Electromagnetic 46 | . 46 . Impact . | . . . Slashing . | . . . Piercing . | . . . Highest Corruption . | . . . Average Corruption . | . . . Corruption Purged . | . . . Corruption Blocked . | . . . Overload Shots . | . . . Overflow Damage . | . . . Projectiles . | . . . Explosions . | . . . Melee . | . . . Knockbacks . | . . . Impact . | . . . Kinetic . | . . . Secondary . | . . . Self-Inflicted Damage 30 | . 30 . Shots 1 | . 1 . Rammed . | . . . Targets Rammed . | . . . Kicked . | . . . Crushed . | . . . Highest Temperature 69 | . 69 2 Average Temperature 25 | . 26 2 Received Heat Transfer 201 | . 177 24 Siege Activations . | . . . Martial Activations . | . . . Shielding Activations . | . . . Robots Disrupted . | . . . Combat Hostiles . | . . . Robots Corrupted . | . . . Combat Hostiles . | . . . Parts Fried . | . . . Impact Corruptions . | . . . Robots Melted . | . . . Combat Hostiles . | . . . Parts Melted 1 | . . 1 Heat Transferred 1115 | . 375 740 Parts Sabotaged . | . . . Parts Stolen . | . . . Parts Stripped . | . . . Power Chain Reactions . | . . . Alert | -11 -10 -10 ------- Run | Yrd Mat Sub Maximum Alert Level . | . . . Low Security (%) 100 | 100 100 . Level 1 . | . . . Level 2 . | . . . Level 3 . | . . . Level 4 . | . . . Level 5 . | . . . High Security . | . . . Max Security . | . . . Peak Influence 135 | . 135 . Initial . | . . . Average 45 | . 48 . Influence Increases 356 | . 356 . Destroy 0b10 Robot/C 240 | . 240 . Destroy 0b10 Robot/NC 25 | . 25 . Destroy Leader 42 | . 42 . Disable Machine 15 | . 15 . Destroy Structure 34 | . 34 . Influence Decreases 356 | . 356 . Time Decay 336 | . 336 . Lost Part 20 | . 20 . Squads Dispatched 2 | . 2 . Investigation 1 | . 1 . Extermination . | . . . Reinforcement 1 | . 1 . Assault . | . . . Garrison . | . . . Intercept . | . . . Searches Triggered . | . . . Construction Impeded . | . . . Haulers Reinforced . | . . . Active Scanning Responses . | . . . Cargo Convoy Interrupts . | . . . Stealth | -11 -10 -10 --------- Run | Yrd Mat Sub Distress Signals 1 | . 1 . Communications Jammed . | . . . Distress Signals . | . . . Times Spotted 34 | . 30 4 Peak Tracking Total 3 | . 3 3 Tactical Retreats . | . . . Traps | -11 -10 -10 ------- Run | Yrd Mat Sub Traps Triggered 2 | . 1 1 Indirectly . | . . . Trap Hack Attempts . | . . . Triggered . | . . . Disarmed . | . . . Reprogrammed . | . . . Reused . | . . . Traps Extracted . | . . . Installed . | . . . Triggered . | . . . Machines | -11 -10 -10 ---------- Run | Yrd Mat Sub Machines Disabled 1 | . 1 . Max in Single Turn 1 | . 1 . Machines Repaired . | . . . Machines Dismantled . | . . . Machines Sabotaged . | . . . Overloaded Fab Kills . | . . . Hacking | -11 -10 -10 --------- Run | Yrd Mat Sub Machines Accessed . | . . . Terminals . | . . . Fabricators . | . . . Repair Stations . | . . . Recycling Units . | . . . Scanalyzers . | . . . Garrison Access . | . . . Total Hacks . | . . . Successful . | . . . Failed . | . . . Catastrophic . | . . . Database Lockouts . | . . . Manual . | . . . Terminals . | . . . Fabricators . | . . . Repair Stations . | . . . Recycling Units . | . . . Scanalyzers . | . . . Garrison Access . | . . . Terminal Hacks . | . . . Fabricator Hacks . | . . . Repair Station Hacks . | . . . Recycling Unit Hacks . | . . . Scanalyzer . | . . . Garrison Access Hacks . | . . . Unauthorized Hacks . | . . . Terminals . | . . . Fabricators . | . . . Repair Stations . | . . . Recycling Units . | . . . Scanalyzers . | . . . Garrison Access . | . . . Data Cores Recovered . | . . . Used . | . . . Hacking Detections . | . . . Full Trace Events . | . . . Feedback Events . | . . . Feedback Blocked . | . . . Robot Schematics Acquired . | . . . Robots Built . | . . . Authchips . | . . . Time . | . . . Total Robot Build Rating . | . . . Part Schematics Acquired . | . . . Parts Built . | . . . Authchips . | . . . Time . | . . . Total Part Build Rating . | . . . Parts Repaired . | . . . Time . | . . . Parts Recycled . | . . . Recycled Matter . | . . . Retrieved Matter . | . . . Retrieved Components . | . . . Parts Scanalyzed . | . . . Part Schematics Acquired . | . . . Parts Damaged . | . . . Bothacking | -11 -10 -10 ------------ Run | Yrd Mat Sub Used RIF Installer . | . . . Robots Hacked . | . . . Non-combat . | . . . Combat . | . . . Robot Hacks Applied . | . . . Relay Couplers Released . | . . . Fabnet Peak Effective % . | . . . Robots Rewired . | . . . Allies Hacked . | . . . Hacks Repelled . | . . . Allies | -11 -10 -10 -------- Run | Yrd Mat Sub Total Allies . | . . . Largest Group . | . . . Highest-Rated Group . | . . . Highest-Rated Ally . | . . . Total Orders . | . . . Ally Attacks . | . . . Total Damage . | . . . Kills . | . . . Allies Corrupted . | . . . Allies Melted . | . . . Intel | -11 -10 -10 ------- Run | Yrd Mat Sub Active Infowar (turns) . | . . . Robot Analysis Total . | . . . Derelict Logs Recovered . | . . . Drone Launches . | . . . Drone Recoveries . | . . . Exploration | -11 -10 -10 ------------- Run | Yrd Mat Sub Turns Passed 1579 | 75 1207 297 Spaces Moved 958 | 57 731 170 Core 11 | 11 . . Treads . | . . . Legs 317 | 46 271 . Wheels 630 | . 460 170 Hover . | . . . Flight . | . . . Fastest Speed 50 | 50 95 140 Average Speed 135 | 106 136 141 Slowest Speed 200 | 120 190 200 Overloaded Moves . | . . . Propulsion Burnouts . | . . . Robots Hopped . | . . . Potential Cave-ins . | . . . Cave-ins Triggered . | . . . Exploration Rate (%) 37 | 3 94 14 Regions Visited 2 Branch Regions 1 Pre-discovered Areas . | . . . Known Exits Taken . | . . . Unknown Exits Taken 2 | 1 1 . Scrap Searched . | . . . Spaces Dug 1 | . 1 . Terrain Destroyed 33 | . 33 . Melee 1 | . 1 . Projectile . | . . . AOE 32 | . 32 . Terrain Rammed . | . . . Walls Destroyed . | . . . Machines Disabled . | . . . Actions | -11 -10 -10 --------- Run | Yrd Mat Sub Total 1104 | 68 841 195 Wait 23 | . 23 . Move 956 | 56 730 170 Hop . | . . . Pick Up 26 | 6 20 . Fast Attach 7 | 6 1 . Attach 8 | . 6 2 Detach . | . . . Swap 4 | . 3 1 Drop 5 | . 5 . Fire 73 | . 51 22 Melee 2 | . 2 . Ram . | . . . Kick . | . . . Crush . | . . . Escape Stasis . | . . . Rewire . | . . . Trap . | . . . Miscellaneous . | . . . Route ------- -11/Scrapyard -10/Materials (discovered 6 exits: [*Mat x3] / [*Min x2] / [*Sub]) -10/Subcaves (discovered 1 exit: [*Mat]) History --------- Turn | Location | Event 2 | -11/Scrapyard | Met Revision 17 10 | -11/Scrapyard | Discovered new exit (range 15) 76 | -11/Scrapyard | Entered Materials 305 | -10/Materials | Build established: Mutant 403 | -10/Materials | Discovered new exit (range 15) 594 | -10/Materials | Discovered new exit (range 13) 700 | -10/Materials | Discovered new exit (range 16) 931 | -10/Materials | Discovered new exit (range 10) 1047 | -10/Materials | Discovered new exit (range 14) 1277 | -10/Materials | Discovered new exit (range 5) 1283 | -10/Materials | Entered Subcaves 1366 | -10/Subcaves | Discovered new exit (range 6) 1533 | -10/Subcaves | Core integrity fell below 50% 1555 | -10/Subcaves | Core integrity fell below 20% 1569 | -10/Subcaves | Lost 3 parts (1p1n1w) 1580 | -10/Subcaves | Destroyed by HK-P3I(R) with Subdweller Laser Last Messages --------------- GOAL=ESCAPE 01334_ Triggered Piercing Trap. 01334_ Spikes shoot up from the floor. 01334_ Critical hit (Impale). 01334_ Wheel destroyed. 01355_ Acquired 9 matter. 01366_ EXIT=FOUND 01421_ BW-OOF(u) tweaks Twisted Machinery. 01534_ Sml. Laser destroyed. 01537_ Ion Engine destroyed. 01538_ Wheel destroyed. 01539_ VT-HZM(R) destroyed. 01541_ Acquired 4 matter. 01558_ Subatomizers dissect the Sub. Machine Gun. 01561_ Sub. Power Source melted. 01561_ X4-Z8P(R) destroyed. 01568_ Acquired 10 matter. 01570_ Wheel destroyed. 01571_ Subatomizers dissect the Sub. Monowheel. Map ----- +----------------------------------------------------+ | | | | | | | | | ?????????????????????????????????????????????????? | | ?????????????????????????????????????????????????? | | ?????????????????????????????????????????????????? | | ?????????????????????????????????????????????????? | | ?????????????????????????????????????????????????? | | ?????????????????????????????????????????????????? | | ?????????????????????????????????????????????????? | | ?????????????????????????????????????????????????? | | ?????????????????????????????????????????????????? | | ?????????????????????????????????????????????????? | | ?????????????????????????????????????????????????? | | ?????????????????????????????????????????????????? | | ?????????????????????????????????????????????????? | | ?????????????????????????????????????????????????? | | ????????????????##########??###??????????????????? | | ??????????????### #""" ## "?????????????????? | | ?????????????## # """" ?????????????????? | | ?????????????# "" ? ?????????????????? | | ????????##### ? """#???""#??????????????????? | | ###????## # ### #?# "##?""#???????????????????? | | ###??# #??## &##"#????????????????????? | | " #??# ###### &@R%###??????????????????? | | ##?### ## ## &[=[ R#??????????????????? | | # #???### != ""????????????? | | ######?????## # # ## ## "##"???????????? | | ????????##### ##### # ####??""##?????????????? | | ????????# ## #??### ##???????#??????????????? | | ??????### ###????# #??????????????????????? | | ????### ##??????## #??????????????????????? | | ???## ##???????? #?????????????????????? | | ??## ######????????? #?????????????????????? | | ?## ###????????????? ##?????????????????????? | | ## ##???????????????# #??????????????????????? | | ##??##???????????## ##??????????????????????? | | ### #????????????# #???????????????????????? | | ##???????????# ???????????????????????? | | ###????#????? #???????????????????????? | | % #??? ##??????????????????????????????? | | ##?? #??????????????????????????????? | | #?? #???????????????????????????????? | | #? #????????????????????????????????? | | % ## ###??????????????????????????????? | | #### % #??????????????????????????????? | | #??# ##?????????????????????????????? | | ???### % #?????????????????????????????? | | ?????# < % ##?????????????????????????????? | +----------------------------------------------------+ Best States ------------- Heat Dissipation 25 Energy Generation 10 Energy Capacity 250 Matter Stores 300 Matter Capacity 300 Sight Range 16 Terrain Scan Density 10 Evasion (%) 55 Targeting Accuracy 5 Item Schematics ----------------- None Robot Schematics ------------------ None Fabricated ------------ Nothing Repaired ---------- Nothing Alien Tech Used ----------------- None Achievements -------------- None Challenges ------------ None Game ------ Seed DiametricPropulsionRipteeth Manual? 0 Play Time 00:11:32 Cumulative 267.2 hours Start 2025.05.29 @ 01:24:14 End 2025.05.29 @ 01:34:46 Sessions 1 Manual Loads 0 Difficulty Rogue Special Mode None Game No. 408 Rogue 408 Adventurer 0 Explorer 0 Win Type - Total 1 Types 1/0/0/0/0/0/0/0/0/0 Lore% 64 Gallery% 63 Achievement% 43 Wizard Run 0 Options --------- Layout 1 ASCII 0 Keyboard 0 Movement Mouse Keybinds 0 Fullscreen 2 Font 24/Smallcaps Map View 50x35 Zoom Use 0% Tactical HUD 1 Map Filters NONE Filters NONE Steam 1 RUN: 6bc73c22-b949-4f5f-905a-9aff75a2cab4